 Dungeon Crawl Stone Soup version 0.30-a0-414-gcb316572d5 (webtiles) character file.

Game seed: 3309072696743453416

344 Alacron the Shooter (level 6, -4/43 (46) HPs)
             Began as a Formicid Hunter on Dec 8, 2022.
             Killed from afar by Ijyb (9 damage)
             ... with a bolt of light
             ... on level 4 of the Dungeon.
             The game lasted 00:10:57 (3090 turns).

Alacron the Shooter (Formicid Hunter)               Turns: 3090, Time: 00:10:58

HP:   -4/43 (46)    AC:  9    Str: 18    XL:     6   Next: 89%
MP:   6/6           EV: 10    Int:  8    God:
Gold: 149           SH:  0    Dex: 17    Spells: 5/5 levels left

rFire   . . .      SeeInvis +    a - +0 shortbow
rCold   . . .      Faith    .    (no shield)
rNeg    . . .      Spirit   .    u - +0 scale mail
rPois   .          Reflect  .    (helmet unavailable)
rElec   .          Harm     .    i - +1 cloak
rCorr   .          Rampage  .    (no gloves)
Will    .....                    c - +0 pair of boots
Stlth   ..........               (no amulet)
HPRegen 0.27/turn                (no ring)
MPRegen 0.10/turn                (no ring)

@: confused, drained
A: permanent stasis, dig shafts and tunnels, antennae 3, four strong arms
a: Dig, Shaft Self


You were on level 4 of the Dungeon.
You visited 1 branch of the dungeon, and saw 4 of its levels.

You collected 149 gold pieces.

Inventory:

Hand Weapons
 a - a +0 shortbow (weapon)
Armour
 c - a +0 pair of boots (worn)
 i - a +1 cloak (worn)
 u - a +0 scale mail (worn)
Jewellery
 t - a ring of fire
Wands
 r - a wand of digging (1)
Scrolls
 b - a scroll of immolation
 d - 3 scrolls of identify {unknown}
 e - a scroll of enchant armour {unknown}
 f - a scroll of silence {unknown}
 h - 2 scrolls of amnesia {unknown}
 k - a scroll of enchant weapon {unknown}
 p - a scroll of teleportation {unknown}
 q - a scroll of magic mapping {unknown}
Potions
 g - 3 potions of curing {unknown}
 j - 2 potions of resistance {unknown}
 l - 3 potions of attraction {unknown}
 m - a potion of magic {unknown}
 n - a potion of ambrosia {unknown}
 o - a potion of haste {unknown}
 s - a potion of heal wounds {unknown}


   Skills:
 - Level 2.4 Fighting
 + Level 7.5 Ranged Weapons
 - Level 0.2 Armour
 - Level 2.0 Dodging
 - Level 1.3 Stealth


You had 5 spell levels left.
You didn't know any spells.
Your spell library contained the following spells:

 Spells                   Type           Power      Damage    Failure   Level
 Shock                    Conj/Air       0%         1d3       82%         1
 Airstrike                Air            0%         2d(0-16)  100%        4
 Swiftness                Air            Unusable   N/A       N/A         3

Dungeon Overview and Level Annotations

Branches:
Dungeon (4/15)
 Temple: D:4-7

Altars:
Dithmenos
Hepliaklqana

Annotations:
D:4 Ijyb


Innate Abilities, Weirdness & Mutations

You cannot be hasted, slowed, berserked, paralysed or teleported.
You can dig through walls and to a lower floor.
You have a pair of large antennae on your head. (SInv)
Your four strong arms can wield two-handed weapons with a shield.


Message History

You shoot an arrow. The arrow hits Sigmund.
Sigmund is heavily wounded.
Sigmund is suddenly surrounded by pale green light.
Sigmund barely misses you.
You shoot an arrow. The arrow hits Sigmund!
Sigmund is almost dead.
Sigmund hits you from afar with a +0 scythe!
You are too injured to fight recklessly!
Non-targeted abil: Dig
Press: ? - help, Q - select action, (/) - cycle Dir - look around, f - activate Look: Sigmund, wielding a +0 scythe and wearing a +0 robe (almost dead)
You extend your mandibles.
Fire: a) +0 shortbow
Press: ? - help, Shift-Dir - straight line, f/p - Sigmund
Aim: Sigmund, wielding a +0 scythe and wearing a +0 robe (almost dead, 61% to hit)
You shoot an arrow. The arrow hits Sigmund!
You kill Sigmund!
Ijyb the Twisted Goblin comes into view.
She is wielding a +0 dagger and carrying a wand of light (5).
Your Ranged Weapons skill increases to level 7!
Fire: a) +0 shortbow
Press: ? - help, Shift-Dir - straight line, f - endoplasm
Aim: an endoplasm (87% to hit)
You shoot an arrow. The arrow hits the endoplasm!
You kill the endoplasm!
Ijyb zaps a wand.
The bolt of light hits you!
* * * LOW HITPOINT WARNING * * *
Fire: a) +0 shortbow
Press: ? - help, Shift-Dir - straight line, f - Ijyb
Aim: Ijyb, wielding a +0 dagger, wearing a +0 leather armour and carrying a wand of light (4) (58% to hit)
You shoot an arrow. The arrow hits Ijyb!
Ijyb is moderately wounded.
Ijyb hits you with a +0 dagger.
* * * LOW HITPOINT WARNING * * *
Fire: a) +0 shortbow
Press: ? - help, Shift-Dir - straight line, f/p - Ijyb
Aim: Ijyb, wielding a +0 dagger, wearing a +0 leather armour and carrying a wand of light (4) (moderately wounded, 58% to hit)
You shoot an arrow. The arrow completely misses Ijyb.
Ijyb zaps a wand.
The bolt of light hits you!
You are confused.
You die...

#.
..
#.
#.
###.
#.)
#g#
#@#
#.#
#.#
#.#
#.#
#.#
#.#
#.#
#.#


You could see Ijyb.

Vanquished Creatures
  Sigmund (D:4)
  An orc priest (D:3)
  Crazy Yiuf (D:3)
  Terence (D:3)
  An orc wizard (D:3)
  2 adders
  2 orcs (D:3)
  7 endoplasms
  5 goblins
  3 hobgoblins
  6 kobolds
  2 quokkas (D:1)
  3 ball pythons (D:3)
  3 bats
  5 frilled lizards
  7 rats
50 creatures vanquished.

Vanquished Creatures (others)
  An orc wizard (D:3)
1 creature vanquished.

Grand Total: 51 creatures vanquished

Notes
Turn   | Place    | Note
-------+----------+-------------------------------------------
     0 | D:1      | Alacron the Formicid Hunter began the quest for the Orb.
     0 | D:1      | Reached XP level 1. HP: 16/16 MP: 1/1
   177 | D:1      | Reached XP level 2. HP: 22/22 MP: 2/2
   607 | D:1      | Reached XP level 3. HP: 28/28 MP: 3/3
  1254 | D:2      | Reached skill level 5 in Ranged Weapons
  1436 | D:3      | Reached XP level 4. HP: 34/34 MP: 4/4
  1466 | D:3      | Noticed a shadow
  1467 | D:3      | Found a shadowy altar of Dithmenos.
  1468 | D:3      | Found a hazy altar of Hepliaklqana.
  1694 | D:3      | Noticed Terence
  1704 | D:3      | Killed Terence
  1885 | D:3      | Reached XP level 5. HP: 26/39 MP: 5/5
  1898 | D:3      | Reached skill level 6 in Ranged Weapons
  2331 | D:3      | Found a runed translucent door.
  2332 | D:3      | Noticed Crazy Yiuf
  2600 | D:3      | Killed Crazy Yiuf
  2601 | D:3      | Reached XP level 6. HP: 11/39 MP: 4/6
  3083 | D:4      | Noticed Sigmund
  3087 | D:4      | Killed Sigmund
  3087 | D:4      | Noticed Ijyb
  3088 | D:4      | Reached skill level 7 in Ranged Weapons
  3090 | D:4      | Killed from afar by Ijyb

Illustrated notes

Levels and vault maps discovered:
D:1:      shiori_arrival_whats_in_store_for_you, layout_basic,
          due_unseen_surprise
D:2:      layout_loops_ring, kennysheep_generic_room_10
D:3:      layout_loops_ring, riverfiend_overflow_shadow_ancestor,
          chequers_jeans, uniq_crazy_yiuf_cottage, uniq_terence
D:4:      minmay_chambers_of_threes, layout_loops_ring,
          mainiacjoe_overflow_small_starburst, pdpol_wu_jian_five_deadly_venoms,
          nicolae_wormholes, uniq_duvessa, uniq_sigmund, uniq_ijyb

Skill      XL: |  1  2  3  4  5  6 |
---------------+-------------------+-----
Dodging        | 2 |  2.0
Ranged Weapons | 5 6 7 |  7.5
Fighting       | |  2.4
Armour         | |  0.2
Stealth        | |  1.3

Action                   |  1- 3 |  4- 6 || total
-------------------------+-------+-------++-------
 Fire: Shortbow          |    69 |    67 ||   136
 Abil: Dig               |     5 |    17 ||    22
Armor: Leather armour    |    11 |     9 ||    20
Dodge: Dodged            |    13 |    20 ||    33

Table legend: (Time is in decaauts)
 A = Elapsed time spent in this place.
 B = Non-inter-level travel time spent in this place.
 C = Inter-level travel time spent in this place.
 D = Time resting spent in this place.
 E = Time spent auto-exploring this place.
 F = Levels seen in this place.
 G = Mean time per level.
                   A        B        C        D        E       F      G
               +--------+--------+--------+--------+--------+-----+--------+
         Total |   3130 |   2879 |    251 |    369 |   1989 |   4 |  782.5 |
       Dungeon |   3130 |   2879 |    251 |    369 |   1989 |   4 |  782.5 |
               +--------+--------+--------+--------+--------+-----+--------+

Top non-repeatable levels by time:
     D:3: 1577 daAuts
     D:1: 870 daAuts
     D:2: 620 daAuts
     D:4: 61 daAuts
